 Dungeon Sprint DCSS version 0.30-a0-800-g7c544603b3 (webtiles) character file.

Game seed: 17435906052911727377

83 rocky1 the Cudgeller (level 4, -2/42 HPs)
             Began as a Minotaur Gladiator on Feb 23, 2023.
             Slain by an ice beast (14 damage)
             ... in the Dungeon (Sprint IX: "|||||||||||||||||||||||||||||").
             The game lasted 00:00:25 (42 turns).

rocky1 the Cudgeller (Minotaur Gladiator)             Turns: 42, Time: 00:00:26

Health: -2/42      AC:  3    Str: 20    XL:     4   Next: 22%
Magic:  3/3        EV: 13    Int:  5    God:
Gold:   0          SH:  0    Dex: 12    Spells: 3/3 levels left

rFire   . . .      SeeInvis .    a - +0 flail
rCold   . . .      Faith    .    (no shield)
rNeg    . . .      Spirit   .    b - +0 leather armour
rPois   .          Reflect  .    c - +0 hat
rElec   .          Harm     .    (no cloak)
rCorr   .          Rampage  .    (no gloves)
Will    .....      NoTele   +    (no boots)
Stlth   +                        (no amulet)
HPRegen 0.27/turn                (no ring)
MPRegen 0.08/turn                (no ring)

@: no status effects
A: horns 2, retaliatory headbutt
a: no special abilities


You were in the Dungeon.
You visited 1 branch

Inventory:

Hand Weapons
 a - a +0 flail (weapon)
Missiles
 e - a javelin (quivered)
Armour
 b - a +0 leather armour (worn)
 c - a +0 hat (worn)
Scrolls
 k - a scroll of blinking
Potions
 f - a potion of curing
 g - a potion of heal wounds
 h - a potion of haste
 i - 2 potions of magic
 j - a potion of berserk rage


   Skills:
 + Level 5.0 Fighting
 * Level 7.3 Maces & Flails
 - Level 2.0 Throwing
 + Level 4.2 Armour
 + Level 5.2 Dodging


You had 3 spell levels left.
You didn't know any spells.
Your spell library was empty.

Dungeon Overview and Level Annotations

Branches:
Dungeon (1/1)

Altars:


Innate Abilities, Weirdness & Mutations

You have a pair of horns on your head.
You reflexively headbutt those who attack you in melee.


Message History

You have reached level 3!
Your experience leads to an increase in your attributes!
Increase (S)trength, (I)ntelligence, or (D)exterity?
You feel stronger. x2
You have reached level 4!
You feel agile.
Throw: throwing net
Press: ? - help, Q - select action, (/) - cycle Shift-Dir - straight line, f - ice beast
Aim: an ice beast (60% to hit)
You throw a throwing net.
The throwing net barely misses the ice beast.
The throwing net hits the iguana.
The iguana is caught in the net!
You barely miss the ice beast.
The iguana struggles against the net.
The ice beast hits you but does no damage.
You thump the ice beast!
The ice beast is heavily wounded.
The ice beast hits you but does no damage.
The iguana struggles against the net. x2; The ice beast hits you.
The ice beast freezes you!
You hit the ice beast but do no damage.
The ice beast is heavily wounded.
The ice beast barely misses you.
The iguana struggles against the net.
You hit the ice beast but do no damage. Your headbutt misses the ice beast.
The ice beast is heavily wounded.
The ice beast hits you. The ice beast freezes you.
The iguana struggles against the net.
You closely miss the ice beast.
You headbutt the ice beast, but do no damage.
The ice beast is heavily wounded.
The ice beast misses you.
The iguana struggles against the net.
The net rips apart, and the iguana comes free!
You closely miss the ice beast. You headbutt the ice beast!
The ice beast is severely wounded.
The ice beast hits you. The ice beast freezes you.
You hit the ice beast but do no damage.
The ice beast is severely wounded.
The ice beast hits you.
* * * LOW HITPOINT WARNING * * *
The ice beast freezes you!
You die... ▓▓▓▓▓▓▓▓▓▓▓▓▓▓▓▓▓▓ ▓<...†..†.@Yl....+ ▓▓▓▓▓▓▓▓▓▓▓▓▓▓▓▓▓▓

You could see an ice beast and an iguana.

Vanquished Creatures
  A scorpion (D)
  2 adders (D)
  A dart slug (D)
  A bat (D)
  A hobgoblin (D)
  2 rats (D)
8 creatures vanquished.

Notes
Turn   | Place    | Note
-------+----------+-------------------------------------------
     0 | D        | rocky1 the Minotaur Gladiator began the quest for the Orb.
     0 | D        | Reached XP level 1. HP: 18/18 MP: 0/0
     9 | D        | Reached skill level 4 in Maces & Flails
     9 | D        | Reached skill level 1 in Armour
    20 | D        | Noticed a scorpion
    20 | D        | Noticed an ice beast
    20 | D        | Noticed an iguana
    24 | D        | Reached skill level 5 in Maces & Flails
    24 | D        | Reached XP level 2. HP: 26/26 MP: 1/1
    34 | D        | Killed a scorpion
    35 | D        | Reached skill level 5 in Fighting
    35 | D        | Reached skill level 7 in Maces & Flails
    35 | D        | Reached skill level 5 in Dodging
    35 | D        | Reached XP level 3. HP: 36/36 MP: 2/2
    35 | D        | Reached XP level 4. HP: 42/42 MP: 3/3
    42 | D        | Slain by an ice beast

Illustrated notes

Levels and vault maps discovered:
D:        linesprint [early_d, line_temple, items_1, d_10, items_2, lair_1,
          lair_end, items_3, orc_1, orc_end, items_4, d_15, swamp_1, shoals_1,
          snake_1, spider_1, d_20, vaults_1, items_5, swamp_end, shoals_end,
          snake_end, spider_end, vaults_end, d_27, items_6, zot_1, zot_end,
          crypt_end, forest_end, elf_end, slime_end, tomb_end, abyss_end,
          pan_hell_end]

Skill      XL: |  1  2 |
---------------+-------+-----
Maces & Flails | 5 7 |  7.3
Armour         | 2 4 |  4.2
Fighting       | 3 5 |  5.0
Dodging        | 4 5 |  5.2
Throwing       | |  2.0

Action                     |  1- 3 |  4- 6 || total
---------------------------+-------+-------++-------
  Melee: Flail             |    22 |     7 ||    29
         Headbutt          |     4 |     2 ||     6
  Throw: Throwing net      |     2 |     1 ||     3
   Stab: Held in net/web   |     1 |       ||     1
 Armour: Leather armour    |     5 |     2 ||     7
  Dodge: Dodged            |    17 |     2 ||    19

Table legend: (Time is in decaauts)
 A = Elapsed time spent in this place.
 B = Non-inter-level travel time spent in this place.
 C = Inter-level travel time spent in this place.
 D = Time resting spent in this place.
 E = Time spent auto-exploring this place.
 F = Levels seen in this place.
 G = Mean time per level.
                   A        B        C        D        E       F      G
               +--------+--------+--------+--------+--------+-----+--------+
         Total |     45 |     45 |      0 |      0 |      0 |   1 |   45.0 |
       Dungeon |     45 |     45 |      0 |      0 |      0 |   1 |   45.0 |
               +--------+--------+--------+--------+--------+-----+--------+

Top non-repeatable levels by time:
       D: 45 daAuts
